 Dungeon Crawl Stone Soup version 0.21-a0-634-gaf8bc5d (webtiles) character file.

631 KristoblXynda the Charmwright (level 7, 0/33 HPs)
             Began as a Spriggan Skald on Dec 29, 2017.
             Was an Initiate of Fedhas.
             Killed by divine providence
             ... invoked by an orc priest
              (14 damage)
             ... on level 5 of the Dungeon.
             The game lasted 00:14:14 (6381 turns).

KristoblXynda the Charmwright (Spriggan Skald)      Turns: 6381, Time: 00:14:15

Health: 0/33       AC:  3    Str:  8    XL:     7   Next: 24%
Magic:  14/15      EV: 20    Int: 16    God:    Fedhas [......]
Gold:   217        SH:  0    Dex: 15    Spells: 8/15 levels left

rFire    . . .     SeeInvis +   j - +0 dagger
rCold    . . .     Gourm    .   (shield restricted)
rNeg     . . .     Faith    .   b - +1 robe
rPois    .         Spirit   .   (helmet restricted)
rElec    .         Reflect  .   (no cloak)
rCorr    .         Harm     .   (gloves unavailable)
MR       +....                  (boots unavailable)
Stlth    +++.......             (no amulet)
HPRegen  0.11/turn              (no ring)
MPRegen  0.14/turn              (no ring)

@: very quick
A: very small, unfitting armour, see invisible, herbivore, speed 3, slow
metabolism 2
a: Fungal Bloom, Renounce Religion


You were on level 5 of the Dungeon.
You worshipped Fedhas.
Fedhas was noncommittal.
You were not hungry.

You visited 1 branch of the dungeon, and saw 5 of its levels.

You collected 217 gold pieces.

Inventory:

Hand Weapons
 j - a +0 dagger (weapon)
 q - a +0 blowgun
Missiles
 r - 4 curare-tipped needles
Armour
 b - a +1 robe (worn)
Jewellery
 u - an uncursed ring of ice
Wands
 o - a wand of flame (25)
Scrolls
 f - a scroll of fear
 g - 2 scrolls of remove curse
 h - a scroll of noise {unknown}
 m - 3 scrolls of teleportation
Potions
 a - a potion of agility {unknown}
 e - 3 potions of haste
 i - a potion of resistance
 k - a potion of curing
 n - 2 potions of flight
 p - 2 potions of magic
 s - a potion of ambrosia
Books
 c - a book of Battle

   Spells                             Type                      Level
   a - Infusion                       Charms                       1
   b - Shroud of Golubria             Charms/Translocation         2
   c - Song of Slaying                Charms                       2
   d - Spectral Weapon                Hexes/Charms                 3
   e - Regeneration                   Charms/Necromancy            3
Comestibles
 d - 13 rations


   Skills:
 - Level 1.5 Fighting
 + Level 4.6 Short Blades
 - Level 2.0 Throwing
 - Level 5.1 Dodging
 + Level 5.2 Stealth
 + Level 4.9 Spellcasting
 + Level 6.2 Charms
 + Level 0.6 Invocations


You had 8 spell levels left.
You knew the following spells:

 Your Spells              Type           Power        Failure   Level  Hunger
a - Infusion              Chrm           ###.         1%          1    None
b - Regeneration          Chrm/Necr      ##........   13%         3    ###....
c - Spectral Weapon       Hex/Chrm       ##......     13%         3    ###....


Dungeon Overview and Level Annotations

Branches:
Dungeon (5/15)
 Temple: D:4-7

Altars:
Dithmenos
Fedhas
Gozag
Ru
Xom
The Shining One

Shops:
D:4 *

Annotations:
D:3 KristoblXynda's ghost, weakling SpSk
D:4 wvc's ghost, amateur DsGl


Innate Abilities, Weirdness & Mutations

You are very small and have problems with some larger weapons.
You are too small for most types of armour.
You have supernaturally acute eyesight. (SInv)
You are a herbivore.
You cover ground extremely quickly.
You need consume almost no food.


Message History

You swap places.
The orc priest shouts!
The orc wizard completely misses you.
You swap places.
The orc wizard looks satisfied for a moment.
You walk carefully through the fungus.
Your wandering mushroom barely misses the orc wizard.
Things that are here:
a falchion of electrocution; a leather armour; the human skeleton of Eustachio The orc wizard hits your wandering mushroom with a dagger.
Your wandering mushroom misses the orc wizard.
The orc priest casts a cantrip, but nothing happens.
The orc wizard gestures at you while chanting.
The puff of flame hits your wandering mushroom.
Your wandering mushroom releases spores at the orc wizard!
The orc wizard dies!
The orc priest invokes the aid of Beogh against you.
Beogh smites you!
You die...
Fedhas appreciates your contribution to the ecosystem.

##...#..# ##. #....##.#
..
######...<...#########.#
%................(.##..#
.........?.........##.#
..####....#...........#
........###.....<....##
#######f###.#oo.......##
#.@.f)...........#
#####.....[......#
#............#
###.........##
##...#...## #########


You could see an orc priest, an orc wizard and 2 friendly wandering mushrooms.

Vanquished Creatures
  An ogre (D:4)
  A centaur skeleton (D:4)
  A hound (D:5)
  Ijyb (D:4)
  An iguana (D:4)
  3 worker ants
  10 adders
  2 oozes
  An adder zombie (D:5)
  7 worms
  5 dart slugs
  2 leopard geckos
  6 orcs
  A ball python (D:4)
  4 giant cockroaches
  11 hobgoblins
  5 jackals
  A quokka (D:3)
  11 bats
  3 frilled lizards
  2 goblins (D:1)
  7 kobolds
  7 rats
93 creatures vanquished.

Vanquished Creatures (collateral kills)
  Eustachio (D:5)
  A phantom (D:5)
  An orc wizard (D:5)
3 creatures vanquished.

Vanquished Creatures (others)
  2 fungi (D:3)
  16 toadstools
18 creatures vanquished.

Grand Total: 114 creatures vanquished

Notes
Turn   | Place    | Note
-------+----------+-------------------------------------------
     0 | D:1      | KristoblXynda the Spriggan Skald began the quest for the Orb.
     0 | D:1      | Reached XP level 1. HP: 10/10 MP: 5/5
   462 | D:1      | Reached XP level 2. HP: 14/14 MP: 6/6
  1199 | D:1      | Reached skill level 5 in Charms
  1327 | D:1      | Reached XP level 3. HP: 10/18 MP: 0/8
  1396 | D:1      | Learned a level 3 spell: Regeneration
  1400 | D:1      | Learned a level 3 spell: Spectral Weapon
  1684 | D:2      | Reached skill level 1 in Stealth
  2472 | D:2      | Reached XP level 4. HP: 16/22 MP: 9/9
  3288 | D:3      | Found a sacrificial altar of Ru.
  3477 | D:3      | Noticed KristoblXynda's ghost (weakling SpSk)
  3603 | D:3      | Found a blossoming altar of Fedhas.
  3728 | D:3      | Became a worshipper of Fedhas Madash
  3810 | D:3      | Reached XP level 5. HP: 14/25 MP: 2/11
  4302 | D:3      | Found a shadowy altar of Dithmenos.
  4369 | D:3      | Found an opulent altar of Gozag.
  4574 | D:4      | Reached skill level 5 in Dodging
  4668 | D:4      | Noticed wvc's ghost (amateur DsGl)
  4709 | D:4      | Reached skill level 6 in Charms
  4717 | D:4      | Found Qiuli's General Store.
  5055 | D:4      | Noticed an ogre
  5108 | D:4      | Killed an ogre
  5108 | D:4      | Reached XP level 6. HP: 30/30 MP: 9/13
  5117 | D:4      | Reached skill level 1 in Throwing
  5485 | D:4      | Noticed Ijyb
  5499 | D:4      | Killed Ijyb
  5565 | D:5      | Entered Level 5 of the Dungeon
  5769 | D:5      | Noticed a sky beast
  5876 | D:5      | Noticed Eustachio
  5884 | D:5      | Noticed an ice beast
  5923 | D:5      | Found a shimmering altar of Xom.
  5923 | D:5      | Found a glowing golden altar of the Shining One.
  5945 | D:4      | Reached * piety under Fedhas
  6152 | D:5      | Reached XP level 7. HP: 17/33 MP: 5/15
  6324 | D:5      | Killed Eustachio
  6324 | D:5      | Reached skill level 5 in Stealth
  6381 | D:5      | Killed from afar by an orc priest

Vault maps used:
D:1:      roderic_octagonal_star
D:3:      fedhas_altar_3, nicolae_dithmenos_shadow_blocks, grunt_gozag_statues,
          nicolae_ru_sacrificial_ziggurat
D:4:      minmay_opposing_rooms, serial_shops, shop, hangedman_decor_riveting,
          uniq_ijyb
D:5:      grunt_temple_overflow_open, first_ration, okawaru_trees_1,
          uniq_eustachio

Skill      XL: |  1  2  3  4  5  6  7 |
---------------+----------------------+-----
Dodging        | 4 5 |  5.1
Charms         | 5 6 |  6.2
Stealth        | 1 2 3 4 5 |  5.2
Short Blades   | 3 4 |  4.6
Spellcasting   | 3 4 |  4.9
Throwing       | 2 |  2.0
Fighting       | |  1.5
Invocations    | |  0.6

Action                   |  1- 3 |  4- 6 |  7- 9 || total
-------------------------+-------+-------+-------++-------
Melee: Short sword       |    28 |       |       ||    28
       Dagger            |   116 |   367 |    10 ||   493
 Fire: Blowgun           |       |     2 |       ||     2
 Cast: Infusion          |    12 |    20 |       ||    32
Invok: Fungal Bloom      |       |     3 |     1 ||     4
       Evolution         |       |     1 |     1 ||     2
Evoke: Wand              |       |     1 |       ||     1
  Use: Scroll            |       |    11 |       ||    11
       Potion            |       |     7 |     1 ||     8
 Stab: Sleeping          |     1 |    10 |       ||    11
  Eat: Ration            |       |     2 |       ||     2
Armor: Robe              |    20 |    18 |     1 ||    39
Dodge: Dodged            |   125 |   248 |    16 ||   389

Table legend:
 A = Spawn XP
 B = Non-spawn XP
 C = Spawn XP percentage of total XP
 D = Spawn monster count
 E = Non-spawn monster count
 F = Spawn count percentage of total count
 G = Total turns spent on level
                    A         B        C        D         E        F      G
               +---------+---------+-------+---------+---------+-------+---------
         Total |       0 |     902 |   0.0 |       0 |      96 |   0.0 |  6381
               +---------+---------+-------+---------+---------+-------+---------
           D:1 |       0 |      45 |   0.0 |       0 |      28 |   0.0 |  1674
           D:2 |       0 |      79 |   0.0 |       0 |      22 |   0.0 |  1278
           D:3 |       0 |     115 |   0.0 |       0 |      20 |   0.0 |  1608
           D:4 |       0 |     341 |   0.0 |       0 |      18 |   0.0 |  1370
           D:5 |       0 |     322 |   0.0 |       0 |       8 |   0.0 |   451
               +---------+---------+-------+---------+---------+-------+---------
